 Dungeon Crawl Stone Soup version 0.24-a0-521-g122614bf49 (webtiles) character file.

Game seed: 6208071121720750304

20934 Peloso the Carver (level 12, -26/107 HPs)
             Began as a Minotaur Fighter on July 30, 2019.
             Was a High Priest of Okawaru.
             Killed from afar by Azrael (54 damage)
             ... with damnation
             ... on level 13 of the Dungeon.
             The game lasted 00:29:59 (12330 turns).

Peloso the Carver (Minotaur Fighter)               Turns: 12330, Time: 00:30:00

Health: -26/107    AC: 21    Str: 24    XL:     12   Next: 49%
Magic:  5/12       EV: 13    Int:  5    God:    Okawaru [*****.]
Gold:   963        SH: 18    Dex: 14    Spells: 11/11 levels left

rFire    . . .     SeeInvis .   a - +0 long sword
rCold    . . .     Gourm    .   c - +0 shield
rNeg     . . .     Faith    .   b - +0 plate armour
rPois    .         Spirit   .   (helmet restricted)
rElec    .         Reflect  +   z - +0 cloak
rCorr    +         Harm     .   v - +1 pair of gloves {archery}
MR       .....                  (no boots)
Stlth    ..........             O - +3 amulet of reflection
HPRegen  0.27/turn              o - +2 ring of dexterity
MPRegen  0.13/turn              m - ring of resist corrosion

@: heroism, finesse
A: retaliatory headbutt, horns 2
a: Heroism, Finesse, Renounce Religion


You were on level 13 of the Dungeon.
You worshipped Okawaru.
Okawaru was extremely pleased with you.
You were full.

You visited 3 branches of the dungeon, and saw 15 of its levels.

You collected 963 gold pieces.

Inventory:

Hand Weapons
 a - a +0 long sword (weapon)
 u - a +1 war axe of flaming
Armour
 b - a +0 plate armour (worn)
 c - a +0 shield (worn)
 r - a +0 chain mail
 v - a +1 pair of gloves of archery (worn)
 z - a +0 cloak (worn)
Jewellery
 j - a +3 ring of evasion
 m - a ring of resist corrosion (right hand)
 o - a +2 ring of dexterity (left hand)
 F - a +4 ring of intelligence
 I - an uncursed amulet of the gourmand
 J - the ring "Ryto" {Ice Slay+3 SInv}
   (You found it on level 8 of the Dungeon)

   [ring of ice]

   It enhances your ice magic.
   It affects your accuracy and damage with ranged weapons and melee attacks
   (+3).
   It makes you vulnerable to fire.
   It protects you from cold.
   It lets you see invisible.
 K - an uncursed ring of poison resistance
 O - a +3 amulet of reflection (around neck)
Wands
 d - a wand of random effects (17)
 n - a wand of flame (21)
 s - a wand of polymorph (13)
 E - a wand of clouds (8)
 N - a wand of enslavement (14)
Scrolls
 g - 2 scrolls of amnesia {unknown}
 h - 3 scrolls of enchant weapon {unknown}
 i - a scroll of fog
 k - 7 scrolls of teleportation
 l - a scroll of fear
 p - 3 scrolls of magic mapping {unknown}
 w - a scroll of blinking
 y - 8 scrolls of remove curse
 G - 2 scrolls of acquirement {unknown}
 H - a scroll of enchant armour {unknown}
 L - a scroll of random uselessness {unknown}
Potions
 e - a potion of curing
 q - a potion of cancellation
 t - a potion of flight
 A - 3 potions of invisibility
 B - a potion of brilliance
 C - a potion of ambrosia {unknown}
 D - a potion of haste
 M - a potion of resistance {unknown}
Miscellaneous
 x - a phantom mirror
Comestibles
 f - 24 rations


   Skills:
 + Level 10.3(15.3) Fighting
 + Level 14.4(19.4) Long Blades
 + Level 11.1(16.1) Armour
 + Level 4.6(9.6) Dodging
 + Level 1.6(6.6) Stealth
 + Level 12.7(17.7) Shields
 + Level 2.1 Invocations
 + Level 1.2 Evocations


You had 11 spell levels left.
You didn't know any spells.
Your spell library contained the following spells:

 Spells                   Type           Power        Failure   Level  Hunger
 Animate Skeleton         Necr           N/A          98%         1    ##.....
 Apportation              Tloc           #.....       98%         1    ##.....
 Confusing Touch          Hex            #.....       98%         1    ##.....
 Magic Dart               Conj           #...         98%         1    ##.....
 Summon Small Mammal      Summ           #...         98%         1    ##.....
 Searing Ray              Conj           #.....       99%         2    ###....
 Dazzling Spray           Conj/Hex       #.....       100%        3    ####...
 Static Discharge         Conj/Air       #.......     100%        3    ####...
 Force Lance              Conj/Tloc      #.......     100%        4    #####..
 Fulminant Prism          Conj/Hex       #.........   100%        4    #####..
 Iskenderun's Mystic Bla  Conj           #.......     100%        4    #####..
 Lightning Bolt           Conj/Air       #.........   100%        5    ######.
 Ignition                 Fire           #.........   100%        8    #######
 Shatter                  Erth           #.........   100%        9    #######
 Tornado                  Air            #.........   100%        9    #######


Dungeon Overview and Level Annotations

Branches:
Dungeon (13/15)            Temple (1/1) D:5            Lair (1/6) D:8
    Orc (0/2) D:10
 Vaults: D:13-14

Altars:
Ashenzari
Cheibriados
Gozag
Hepliaklqana
Kikubaaqudgha
Nemelex Xobeh
Okawaru
Ru
Sif Muna
Trog
Uskayaw
Vehumet
Wu Jian
Yredelemnul

Portals:
Trove: D:11 (give 18 scrolls of identify)

Annotations:
D:8 2 runed translucent doors
D:11 2 transporters, Thantalas's ghost, journeyman DrFE
D:13 Azrael


Innate Abilities, Weirdness & Mutations

You reflexively headbutt those who attack you in melee.
You have a pair of horns on your head.


Message History

The fire elemental is severely damaged.
You block the fire elemental's attack.
You barely miss the fire elemental.
Your headbutt misses the fire elemental.
The fire elemental is severely damaged.
A fire elemental comes into view.
You slash the fire elemental!
You destroy the fire elemental!
Okawaru accepts your kill.
A fire elemental comes into view.
Azrael howls in rage.
Azrael gestures at you.
The fireball explodes!
The fireball engulfs you!!
* * * LOW HITPOINT WARNING * * *
You hear a bark!
A fire elemental comes into view.
Azrael gestures at you.
The sphere of damnation explodes!
The damnation engulfs you!!!
Ouch! That really hurt!
You die...

........################.#
.............# #.#
.>...☼.......# #.#
○☼○.○.○......# #.#
...○...R.....# #.#
.............# #.#
......°..○☼☼.# #.#
.........☼○E○################.#
..........E.°E○R@.............#
####..#########################
#.. #.. #<. #.. #.. #..


You could see Azrael and 3 fire elementals.

Vanquished Creatures
  A centaur warrior (D:8)
  A two-headed ogre (D:13)
  The ghost of hemabe the Charlatan, a novice HuAr of Trog (D:8)
  The ghost of icckedyourdad the Grappler, a novice TrMo of Yredelemnul (D:8)
  The ghost of Gargoyl the Envoy of Void, a novice CeAK of Lugonu (D:8)
  The ghost of
  345516895589 the Geomancer, a novice GrEE of Vehumet (D:8)
  Pikel (D:3)
  An ugly thing (D:8)
  A cyclops (D:11)
  A black mamba (Lair:1)
  2 rust devils (D:9)
  Psyche (D:11)
  The ghost of Linguinho the Cudgeler, a novice DrBe of Trog (D:4)
  A spiny frog (Lair:1)
  2 centaur skeletons
  4 trolls
  4 slime creatures (D:12)
  Sigmund (D:6)
  A meliai zombie (D:11)
  3 hippogriffs
  A spriggan (D:8)
  A water elemental (D:11)
  A wyvern (D:13)
  17 yaks
  A basilisk (Lair:1)
  A fire elemental (D:13)
  A steam dragon (D:9)
  2 hungry ghosts
  Duvessa (D:6)
  3 orc warriors
  2 porcupines (Lair:1)
  6 sky beasts
  4 ice beasts
  An ogre (D:8)
  5 phantoms
  13 centaurs
  A crocodile (Lair:1)
  A big kobold (D:7)
  Blork the orc (D:4)
  7 bullfrogs
  A gnoll sergeant (D:8)
  Dowan (D:6)
  4 scorpions
  A troll zombie (D:10)
  8 wights
  5 howler monkeys
  2 electric eels (D:11)
  9 crimson imps
  3 centaur zombies
  2 bullfrog zombies (D:13)
  A quasit (D:8)
  Crazy Yiuf (D:4)
  3 hounds
  2 bullfrog skeletons
  5 orc priests
  A gnoll shaman (D:8)
  3 jellies
  4 iguanas
  2 orc wizards
  11 worker ants
  5 ogre zombies (D:10)
  2 hound skeletons
  Robin (D:2)
  A howler monkey zombie (D:10)
  A worker ant zombie (D:11)
  7 gnolls
  15 adders
  An ooze (D:3)
  An adder zombie (D:9)
  An adder skeleton (D:8)
  A worm (D:2)
  A dart slug (D:1)
  6 leopard geckos
  30 orcs
  A ball python (D:5)
  6 bats
  8 giant cockroaches
  12 goblins
  13 hobgoblins
  20 jackals
  12 kobolds
  4 quokkas
  9 frilled lizards
  A goblin skeleton (D:10)
  5 hobgoblin skeletons (D:10)
  2 hobgoblin zombies (D:10)
  A jackal skeleton (D:7)
  A leopard gecko zombie (D:8)
  2 orc skeletons (D:10)
  9 orc zombies (D:10)
  11 rats
  2 fungi (D:4)
  A plant (D:5)
362 creatures vanquished.

Vanquished Creatures (others)
  A centaur warrior (D:13)
  A leopard gecko (D:4)
  An orc (D:4)
  A quokka skeleton (D:4)
  A withered plant (D:8)
5 creatures vanquished.

Grand Total: 367 creatures vanquished

Notes
Turn   | Place    | Note
-------+----------+-------------------------------------------
     0 | D:1      | Peloso the Minotaur Fighter began the quest for the Orb.
     0 | D:1      | Reached XP level 1. HP: 19/19 MP: 0/0
    85 | D:1      | Reached XP level 2. HP: 26/27 MP: 1/1
   314 | D:1      | Reached skill level 3 in Long Blades
   341 | D:1      | Reached XP level 3. HP: 28/33 MP: 2/2
   653 | D:2      | Reached XP level 4. HP: 12/41 MP: 3/3
   943 | D:2      | Reached skill level 1 in Dodging
  1100 | D:2      | Noticed Robin
  1132 | D:2      | Killed Robin
  1490 | D:2      | Reached XP level 5. HP: 47/47 MP: 4/4
  1761 | D:2      | Reached skill level 4 in Long Blades
  1805 | D:3      | Found a sparkling altar of Nemelex Xobeh.
  2162 | D:3      | Reached XP level 6. HP: 50/55 MP: 5/5
  2327 | D:4      | Noticed Pikel
  2327 | D:4      | Noticed a slave
  2327 | D:4      | Noticed a slave
  2327 | D:4      | Noticed a slave
  2327 | D:4      | Noticed a slave
  2328 | D:4      | Noticed Blork the orc
  2351 | D:3      | Killed Pikel
  2351 | D:3      | Reached skill level 5 in Fighting
  2351 | D:3      | Reached skill level 5 in Long Blades
  2351 | D:3      | Reached skill level 5 in Armour
  2351 | D:3      | Reached skill level 5 in Shields
  2351 | D:3      | Reached XP level 7. HP: 27/61 MP: 6/6
  2529 | D:4      | Killed Blork the orc
  2529 | D:4      | Reached skill level 6 in Long Blades
  2621 | D:4      | Found a runed translucent gate.
  2658 | D:4      | Found a runed translucent gate.
  2659 | D:4      | Found a runed translucent gate.
  2666 | D:4      | Found an opulent altar of Gozag.
  2666 | D:4      | Noticed Linguinho's ghost (novice DrBe)
  2789 | D:4      | Found a basalt altar of Yredelemnul.
  2999 | D:4      | Found a runed translucent door.
  3000 | D:4      | Noticed Crazy Yiuf
  3009 | D:4      | Killed Crazy Yiuf
  3018 | D:4      | Got a twisted mace
  3019 | D:4      | Identified the +6 mace of the Queen {pain, Fragile MR++}
                  | (You found it on level 4 of the Dungeon)
  3072 | D:5      | Entered Level 5 of the Dungeon
  3078 | D:5      | Found an opulent altar of Gozag.
  3145 | D:5      | Found a staircase to the Ecumenical Temple.
  3152 | Temple   | Entered the Ecumenical Temple
  3168 | Temple   | Became a worshipper of Warmaster Okawaru
  3223 | D:5      | Reached XP level 8. HP: 54/70 MP: 7/7
  3379 | D:5      | Reached skill level 7 in Long Blades
  3408 | D:5      | Found a sacrificial altar of Ru.
  3954 | D:6      | Found a radiant altar of Vehumet.
  4006 | D:6      | Noticed Sigmund
  4010 | D:6      | Killed Sigmund
  4010 | D:6      | Reached skill level 8 in Long Blades
  4010 | D:6      | Reached * piety under Okawaru
  4101 | D:6      | Noticed Dowan
  4102 | D:6      | Noticed Duvessa
  4121 | D:6      | Killed Duvessa
  4123 | D:6      | Killed Dowan
  4123 | D:6      | Reached XP level 9. HP: 66/78 MP: 5/8
  4246 | D:6      | Found an ancient bone altar of Kikubaaqudgha.
  4690 | D:7      | Reached skill level 9 in Long Blades
  5069 | D:4      | Killed Linguinho's ghost
  5194 | D:8      | Reached ** piety under Okawaru
  5393 | D:8      | Found a staircase to the Lair.
  5440 | D:8      | Found a large runed translucent door.
  5441 | D:8      | Found a large runed translucent door.
  5446 | D:8      | Noticed a centaur warrior
  5456 | D:8      | Found a large runed translucent door.
  5456 | D:8      | Found a large runed translucent door.
  5555 | D:8      | Reached skill level 10 in Long Blades
  5668 | D:8      | Found a snail-covered altar of Cheibriados.
  5739 | D:8      | Noticed icckedyourdad's ghost (novice TrMo)
  5740 | D:8      | Found a runed translucent gate.
  5740 | D:8      | Found a runed translucent gate.
  5740 | D:8      | Found a runed translucent gate.
  5740 | D:8      | Noticed 345516895589's ghost (novice GrEE)
  5740 | D:8      | Noticed hemabe's ghost (novice HuAr)
  5740 | D:8      | Noticed Gargoyl's ghost (novice CeAK)
  6016 | D:8      | Noticed a troll
  6028 | D:8      | Killed a troll
  6251 | D:8      | Reached XP level 10. HP: 83/86 MP: 9/9
  6263 | D:8      | Noticed a purple ugly thing
  6271 | D:8      | Killed a purple ugly thing
  6271 | D:8      | Reached *** piety under Okawaru
  6282 | D:8      | Got a clouded golden ring
  6284 | D:8      | Identified the ring "Ryto" {Ice Slay+3 SInv} (You found it
                  | on level 8 of the Dungeon)
  6430 | D:9      | Reached skill level 11 in Long Blades
  6556 | D:8      | Noticed a rust devil
  6556 | D:8      | Noticed a rust devil
  6569 | D:9      | Reached skill level 1 in Stealth
  6636 | D:9      | Killed a rust devil
  6640 | D:9      | Killed a rust devil
  6914 | D:9      | Found a hazy altar of Hepliaklqana.
  6994 | D:9      | Reached **** piety under Okawaru
  7017 | D:9      | Reached skill level 10 in Shields
  7625 | D:10     | Entered Level 10 of the Dungeon
  7763 | D:10     | Found a staircase to the Orcish Mines.
  8290 | D:10     | Reached skill level 12 in Long Blades
  8294 | D:10     | Reached ***** piety under Okawaru
  8387 | D:10     | Reached XP level 11. HP: 95/95 MP: 10/10
  8659 | D:8      | Killed hemabe's ghost
  8663 | D:8      | Killed 345516895589's ghost
  8669 | D:8      | Killed Gargoyl's ghost
  8695 | D:8      | Killed icckedyourdad's ghost
  8695 | D:8      | Received a gift from Okawaru
  9076 | D:8      | Killed a centaur warrior
  9076 | D:8      | Reached skill level 1 in Invocations
  9077 | D:8      | Reached skill level 10 in Armour
  9084 | D:8      | Got a brightly glowing hand axe
  9085 | D:8      | Identified the +1 hand axe of Secibiynyun {chop, *Rage
                  | rElec rN+ Stlth+} (You found it on level 8 of the Dungeon)
  9148 | Lair:1   | Entered Level 1 of the Lair of Beasts
  9246 | Lair:1   | Reached skill level 13 in Long Blades
  9868 | D:11     | Found a transporter.
  9871 | D:11     | Noticed Thantalas's ghost (journeyman DrFE)
  9892 | D:11     | Found a transporter.
 10437 | D:11     | Noticed Psyche
 10443 | D:11     | Found an ornate altar of the Wu Jian Council.
 10458 | D:11     | Killed Psyche
 10531 | D:11     | Found a portal to a secret trove of treasure.
 10612 | D:11     | Received a gift from Okawaru
 10777 | D:11     | Reached skill level 1 in Evocations
 10818 | D:11     | Reached XP level 12. HP: 82/106 MP: 8/11
 11341 | D:12     | Reached skill level 10 in Fighting
 11488 | D:12     | Found a deep blue altar of Sif Muna.
 11793 | D:13     | Noticed a two-headed ogre
 11817 | D:13     | Killed a two-headed ogre
 11817 | D:13     | Reached skill level 14 in Long Blades
 12067 | D:13     | Noticed a centaur warrior
 12070 | D:13     | Killed a centaur warrior
 12309 | D:13     | Noticed Azrael
 12330 | D:13     | Killed from afar by Azrael

Levels and vault maps discovered:
D:1:      dpeg_arrival_prison, layout_rooms
D:2:      layout_rooms, kennysheep_big_empty_room, uniq_robin
D:3:      layout_rooms, nemelex_xobeh_ov_fountains_minmay, minmay_quantized
D:4:      layout_cave_pools, yredelemnul_altar_generic, ebering_ghost_gozag,
          uniq_blork_the_orc, uniq_pikel, uniq_crazy_yiuf_cottage
D:5:      layout_loops_ring, grunt_gozag_statues,
          nicolae_ru_the_path_less_chosen, temple_green, first_ration
D:6:      layout_rooms, kennysheep_little_box, kiku_gazebo_garden_becter,
          uniq_duvessa, uniq_sigmund
D:7:      layout_layer_cave, wad_floor_pattern_2
D:8:      cheibrodos_iron_armory, layout_layer_cave, lemuel_crystal_altar,
          lair_entry_dummy, gammafunk_ghost_cemetery, the_bakery,
          minmay_hollow_rounded_squares
D:9:      layout_loops_ring, lemuel_round_altar, minmay_misc_feat_ornament
D:10:     layout_small_grid, zombieorc1_lemuel
D:11:     layout_basic, gammafunk_ghost_stat_death, basic_altar, enter_trove_6,
          uniq_psyche
D:12:     layout_gridville, basic_altar
D:13:     layout_long_grid, grunt_vaults_entry_fortified, serial_undead,
          serial_undead_e, serial_undead_b, serial_undead_c, serial_undead_a,
          uniq_azrael
Temple:   jpeg_temple_clearing
Lair:1:   layout_gridlike

Skill      XL: |  1  2  3  4  5  6  7  8  9 10 11 12 |
---------------+-------------------------------------+-----
Fighting       | 4 5 6 7 8 9 10 | 10.3
Armour         | 4 5 7 8 9 10 11 | 11.1
Long Blades    | 3 4 5 6 8 10 12 13 14 | 14.4
Shields        | 4 5 6 7 8 10 11 12 | 12.7
Dodging        | 1 2 3 4 |  4.6
Stealth        | 1 |  1.6
Invocations    | 1 2 |  2.1
Evocations     | 1 |  1.2

Action                   |  1- 3 |  4- 6 |  7- 9 | 10-12 || total
-------------------------+-------+-------+-------+-------++-------
Melee: Long sword        |    95 |   134 |   361 |   655 ||  1245
       Headbutt          |    17 |    23 |    86 |   195 ||   321
Invok: Heroism           |       |       |     2 |     9 ||    11
       Finesse           |       |       |       |     1 ||     1
Evoke: Wand              |       |       |     3 |     7 ||    10
  Use: Scroll            |       |       |     4 |    11 ||    15
       Potion            |       |       |       |     7 ||     7
  Eat: Chunk             |       |     5 |     9 |    23 ||    37
       Ration            |       |       |     1 |     1 ||     2
Armor: Scale mail        |    49 |    27 |       |       ||    76
       Chain mail        |       |    23 |   104 |       ||   127
       Plate armour      |       |       |    48 |   267 ||   315
Dodge: Dodged            |    29 |    67 |    95 |   158 ||   349
Block: Shield            |    66 |    79 |   216 |   456 ||   817
       Reflection        |       |       |       |     3 ||     3
       Rpst.: Long sword |     5 |    20 |    30 |    35 ||    90

Table legend:
 A = Non-vault XP
 B = Vault XP
 C = Vault XP percentage of total XP
 D = Non-vault monster count
 E = Vault monster count
 F = Vault count percentage of total count
                 A         B        C        D         E       F
            +---------+---------+-------+---------+---------+-------
      Total |   19518 |   10389 |  34.7 |     285 |      75 |  20.8
            +---------+---------+-------+---------+---------+-------
        D:1 |      54 |       4 |   6.9 |      31 |       2 |   6.1
        D:2 |     151 |      28 |  15.6 |      26 |       7 |  21.2
        D:3 |     131 |     687 |  84.0 |      22 |       6 |  21.4
        D:4 |      65 |     713 |  91.6 |       7 |       6 |  46.2
        D:5 |     731 |       0 |   0.0 |      17 |       0 |   0.0
        D:6 |     640 |     460 |  41.8 |      13 |       3 |  18.8
        D:7 |     153 |       0 |   0.0 |      10 |       0 |   0.0
        D:8 |    1068 |    5417 |  83.5 |      29 |      13 |  31.0
        D:9 |    1535 |    1224 |  44.4 |      23 |       4 |  14.8
       D:10 |    1665 |     686 |  29.2 |      21 |      29 |  58.0
       D:11 |    4618 |     454 |   9.0 |      39 |       1 |   2.5
       D:12 |    3228 |       0 |   0.0 |      27 |       0 |   0.0
       D:13 |    3968 |     716 |  15.3 |      14 |       4 |  22.2
     Lair:1 |    1511 |       0 |   0.0 |       6 |       0 |   0.0
            +---------+---------+-------+---------+---------+-------
